 Dungeon Crawl Stone Soup version 0.29.1-13-g9f3cf754e1 (webtiles) character file.

Game seed: 7591340194391258209

84 KittyFluff the Cudgeller (level 4, 0/43 HPs)
             Began as a Gargoyle Berserker on Jan 30, 2023.
             Was a Believer of Trog.
             Slain by Ijyb
             ... wielding a +2 dagger of draining
              (1 damage)
             ... on level 4 of the Dungeon.
             The game lasted 00:06:59 (2023 turns).

KittyFluff the Cudgeller (Gargoyle Berserker)       Turns: 2023, Time: 00:07:00

Health: 0/43       AC:  6    Str: 21    XL:     4   Next: 45%
Magic:  4/4        EV: 11    Int:  7    God:    Trog [**....]
Gold:   81         SH:  0    Dex: 11    Spells: 3/3 levels left

rFire   . . .      SeeInvis .   a - +0 mace
rCold   . . .      Faith    .   (no shield)
rNeg    + . .      Spirit   .   d - +0 leather armour
rPois   ∞          Reflect  .   (no helmet)
rElec   +          Harm     .   (no cloak)
rCorr   .          Rampage  .   (no gloves)
Will    .....                   (no boots)
Stlth   ..........              o - amulet of the acrobat
HPRegen 0.14/turn               (no ring)
MPRegen 0.09/turn               (no ring)

@: berserking, very quick
A: sickness immunity, AC +3, negative energy resistance 1, electricity
resistance, torment resistance 1, petrification resistance
a: Renounce Religion, Berserk, Trog's Hand


You were on level 4 of the Dungeon.
You worshipped Trog.
Trog was pleased with you.
You visited 1 branch of the dungeon, and saw 3 of its levels.

You collected 81 gold pieces.

Inventory:

Hand Weapons
 a - a +0 mace (weapon)
Missiles
 f - a throwing net
 l - 13 stones (quivered)
Armour
 d - a +0 leather armour (worn)
Jewellery
 i - a ring of ice
 o - an amulet of the acrobat (around neck)
Scrolls
 g - a scroll of identify {unknown}
 h - a scroll of enchant armour {unknown}
 n - a scroll of torment {unknown}
Potions
 b - 3 potions of haste {unknown}
 c - a potion of curing {unknown}
 e - a potion of mutation {unknown}
 j - a potion of lignification {unknown}
 k - a potion of flight {unknown}
 m - a potion of heal wounds {unknown}
 p - 2 potions of cancellation {unknown}


   Skills:
 + Level 4.0 Fighting
 + Level 4.2 Maces & Flails
 + Level 2.4 Armour
 + Level 2.0 Dodging


You had 3 spell levels left.
You didn't know any spells.
Your spell library was empty.

Dungeon Overview and Level Annotations

Branches:
Dungeon (2/15)

Altars:

Annotations:
D:4 Ijyb


Innate Abilities, Weirdness & Mutations

You are immune to sickness and miasma.
Your stone body is resilient. (AC +3)
You are immune to poison.
You resist negative energy. (rN+)
You are resistant to electric shocks. (rElec)
You are resistant to unholy torment.
You are immune to petrification.


Message History

You kill the adder!
Trog accepts your kill.
Ijyb zaps a wand.
Your mind is blasted!
Ijyb zaps a wand.
Your mind is blasted!
There is a stone staircase leading down, spattered with blood here.
Ijyb closely misses you.
You see here 14 gold pieces.
You hit Ijyb but do no damage.
Ijyb hits you with a +2 dagger of draining.
Ijyb hits you but does no damage.
You hit Ijyb but do no damage. Ijyb closely misses you.
You hit Ijyb but do no damage.
Ijyb hits you with a +2 dagger of draining.
You sock Ijyb!
Ijyb is moderately wounded.
Ijyb closely misses you.
You barely miss Ijyb.
Ijyb is moderately wounded.
Ijyb hits you but does no damage.
You hit Ijyb.
Ijyb is heavily wounded.
Ijyb hits you with a +2 dagger of draining. x2
You hit Ijyb.
Ijyb is severely wounded.
Ijyb hits you but does no damage.
You barely miss Ijyb.
Ijyb is severely wounded.
Ijyb hits you with a +2 dagger of draining.
You barely miss Ijyb.
Ijyb is severely wounded.
Ijyb hits you with a +2 dagger of draining.
* * * LOW HITPOINT WARNING * * *
You barely miss Ijyb.
Ijyb is severely wounded.
Ijyb hits you with a +2 dagger of draining.
* * * LOW HITPOINT WARNING * * *
A red film seems to cover your vision as you go berserk!
You feel yourself moving faster!
You feel mighty!
Ijyb hits you with a +2 dagger of draining.
You die...

#.......#
#.......#
#......##
##'##....#
#.##....#
#.##....#
#>.+....+
..#####.##....#
#......@.# ...
#..####g......#
#........
#?.......
#..(.....
#......##
.....#.#
.....#.#


You could see Ijyb.

Vanquished Creatures
  An iguana (D:4)
  2 adders (D:4)
  A dart slug (D:1)
  5 ball pythons
  3 endoplasms
  2 giant cockroaches
  5 goblins (D:1)
  5 hobgoblins (D:1)
  7 bats
  A frilled lizard (D:2)
  3 kobolds
  A rat (D:1)
36 creatures vanquished.

Notes
Turn   | Place    | Note
-------+----------+-------------------------------------------
     0 | D:1      | KittyFluff the Gargoyle Berserker began the quest for the
                  | Orb.
     0 | D:1      | Reached XP level 1. HP: 14/14 MP: 1/1
   142 | D:1      | Reached XP level 2. HP: 16/19 MP: 2/2
   637 | D:1      | Reached XP level 3. HP: 16/24 MP: 3/3
   929 | D:1      | Reached ** piety under Trog
  1145 | D:2      | Found a faded altar of an unknown god.
  1357 | D:2      | You fall into a shaft and drop 2 floors!
  1531 | D:4      | Reached XP level 4. HP: 8/29 MP: 4/4
  2007 | D:4      | Noticed Ijyb
  2022 | D:4      | HP: 1/29 [Ijyb/+2 dagger of draining (5)]
  2023 | D:4      | Slain by Ijyb

Illustrated notes

Levels and vault maps discovered:
D:1:      lightli_iron_boxes, layout_loops_corners, minmay_ruptured
D:2:      layout_rooms, hellmonk_ecumenical_altar_zigzags
D:4:      layout_basic, serial_shops, nicolae_shop_stone, uniq_ijyb

Skill      XL: |  1  2  3 |
---------------+----------+-----
Dodging        | 2 |  2.0
Fighting       | 4 |  4.0
Maces & Flails | 4 |  4.2
Armour         | |  2.4

Action                   |  1- 3 |  4- 6 || total
-------------------------+-------+-------++-------
Melee: Mace              |   110 |    16 ||   126
Invok: Berserk           |       |     1 ||     1
Armor: Animal skin       |     8 |       ||     8
       Leather armour    |    49 |     7 ||    56
Dodge: Dodged            |    86 |     5 ||    91
